 Dungeon Crawl Stone Soup version 0.28-a0-881-gae16bb6c82 (webtiles) character file.

Game seed: 15181963258981788480

19863 Peloso the Blocker (level 12, -17/103 HPs)
             Began as a Minotaur Fighter on Nov 21, 2021.
             Was the Champion of Okawaru.
             Hit by a large rock thrown by a cyclops (27 damage)
             ... on level 12 of the Dungeon.
             The game lasted 00:32:15 (15754 turns).

Peloso the Blocker (Minotaur Fighter)              Turns: 15754, Time: 00:32:16

Health: -17/103    AC: 19    Str: 24    XL:     12   Next: 40%
Magic:  0/12       EV:  8    Int:  7    God:    Okawaru [******]
Gold:   597        SH: 19    Dex: 12    Spells: 11/11 levels left

rFire   . . .      SeeInvis +   a - +2 falchion (freeze)
rCold   . . .      Faith    .   c - +1 tower shield
rNeg    . . .      Spirit   +   i - +4 chain mail {rPois}
rPois   +          Reflect  .   (helmet restricted)
rElec   .          Harm     .   (no cloak)
rCorr   .          Rampage  .   s - +0 pair of gloves "Sengo" {Int+2}
Will    .....                   u - +0 pair of boots
Stlth   ..........              g - amulet of guardian spirit
HPRegen 0.27/turn               o - ring of see invisible
MPRegen 0.13/turn               (no ring)

@: no status effects
A: horns 2, retaliatory headbutt
a: Renounce Religion, Heroism, Finesse, Duel


You were on level 12 of the Dungeon.
You worshipped Okawaru.
Okawaru was exalted by your worship.
You visited 3 branches of the dungeon, and saw 17 of its levels.

You collected 667 gold pieces.
You spent 70 gold pieces at shops.

Inventory:

Hand Weapons
 a - a +2 falchion of freezing (weapon)
 b - a +0 long sword of holy wrath
 K - the +7 shortbow of Purpose {venom, rC+++ Str+6 Int-2}
   (You took it off a centaur on level 10 of the Dungeon)

   Any ammunition fired from it poisons the flesh of those it strikes.
   Str:       It affects your strength (+6).
   Int:       It affects your intelligence (-2).
   rC:        It renders you almost immune to cold.
Missiles
 j - 5 throwing nets (quivered)
Armour
 c - a +1 tower shield (worn)
 i - a +4 chain mail of poison resistance (worn)
 s - the +0 pair of gloves "Sengo" (worn) {Int+2}
   (Okawaru gifted it to you on level 10 of the Dungeon)

   Int:       It affects your intelligence (+2).
 u - a +0 pair of boots (worn)
 E - +0 acid dragon scales
Jewellery
 g - an amulet of guardian spirit (around neck)
 o - a ring of see invisible (left hand)
 x - a +6 ring of intelligence
 L - a ring of poison resistance
Wands
 d - a wand of digging (3)
 k - a wand of flame (44)
 w - a wand of iceblast (7)
 G - a wand of paralysis (11)
 I - a wand of mindburst (15)
Scrolls
 m - a scroll of acquirement
 r - 3 scrolls of enchant weapon
 t - 3 scrolls of magic mapping
 v - a scroll of holy word {unknown}
 y - a scroll of summoning
 z - 3 scrolls of immolation
 A - a scroll of enchant armour
 B - a scroll of amnesia {unknown}
 D - 4 scrolls of teleportation
 H - a scroll of fog
 N - a scroll of blinking {unknown}
 O - a scroll of identify
Potions
 e - 2 potions of mutation
 f - a potion of curing
 h - 3 potions of brilliance
 l - 2 potions of resistance
 n - 2 potions of haste
 p - 3 potions of ambrosia
 q - a potion of flight {unknown}
 F - a potion of cancellation {unknown}
 J - 2 potions of degeneration {unknown}
Miscellaneous
 C - a phial of floods
 M - a phantom mirror


   Skills:
 + Level 8.7 Fighting
 + Level 13.9 Long Blades
 + Level 11.8 Armour
 + Level 5.2 Dodging
 + Level 1.2 Stealth
 + Level 14.2 Shields
 + Level 1.3 Invocations
 + Level 1.0 Evocations


You had 11 spell levels left.
You didn't know any spells.
Your spell library contained the following spells:

 Spells                   Type           Power      Damage    Failure   Level
 Slow                     Hex            0%         N/A       100%        1
 Confusing Touch          Hex            0%         N/A       100%        3
 Dazzling Flash           Conj/Hex       0%         N/A       100%        3
 Inner Flame              Hex/Fire       0%         N/A       100%        3
 Portal Projectile        Hex/Tloc       0%         N/A       100%        3
 Vampiric Draining        Necr           0%         2d6       100%        3
 Cause Fear               Hex            0%         N/A       100%        4
 Fulminant Prism          Conj/Hex       0%         3d6       100%        4
 Iskenderun's Mystic Bla  Conj/Tloc      0%         2d3       100%        4
 Leda's Liquefaction      Hex/Erth       0%         N/A       100%        4
 Lee's Rapid Deconstruct  Erth           0%         3d5*      100%        5
 Starburst                Conj/Fire      0%         6d3       100%        6
 Discord                  Hex            0%         N/A       100%        8
 Call Canine Familiar     Summ           Unusable   N/A       N/A         3

Dungeon Overview and Level Annotations

Branches:
Dungeon (12/15)            Temple (1/1) D:5            Lair (4/6) D:10
  Swamp (0/4) Lair:4
  Snake: Lair:2-4    Spider: Lair:2-4       Orc: D:9-12

Altars:
Ashenzari
Cheibriados
Dithmenos
Elyvilon
Fedhas
Gozag
Hepliaklqana
Kikubaaqudgha
Makhleb
Nemelex Xobeh
Okawaru
Qazlal
Ru
Sif Muna
Trog
Uskayaw
Vehumet
Wu Jian
Xom
Yredelemnul
Zin
The Shining One

Shops:
D:2 =*   D:3 (   D:8 =   D:9 ?

Annotations:
D:8 2 runed translucent doors, exclusion: orange crystal statue
D:10 2 transporters, fly's ghost, journeyman FoDe


Innate Abilities, Weirdness & Mutations

You have a pair of horns on your head.
You reflexively headbutt those who attack you in melee.


Message History

The white ugly thing is almost dead.
Unknown command.
You slash the white ugly thing! You freeze the white ugly thing.
The white ugly thing is almost dead.
You block the white ugly thing's attack.
The boulder beetle leaps!
Unknown command.
You closely miss the white ugly thing.
The white ugly thing is almost dead.
You block the white ugly thing's attack.
The boulder beetle bites you but does no damage.
Unknown command.
You hit the white ugly thing. You freeze the white ugly thing.
You headbutt the white ugly thing.
You kill the white ugly thing!
Okawaru accepts your kill.
Unknown command.
You hit the boulder beetle but do no damage.
The boulder beetle bites you.
* * * LOW HITPOINT WARNING * * *
Unknown command.
You hit the boulder beetle but do no damage.
You headbutt the boulder beetle, but do no damage.
The boulder beetle bites you.
* * * LOW HITPOINT WARNING * * *
Unknown command.
You barely miss the boulder beetle.
Unknown command.
Okay, then.
Okay, then.
You block the boulder beetle's attack. The boulder beetle bites you!
* * * LOW HITPOINT WARNING * * *
You feel like a meek peon again.
The boulder beetle curls into a ball and begins rolling!
The boulder beetle hits you but does no damage.
The boulder beetle stops rolling and uncurls.
The boulder beetle leaps!
The cyclops throws a large rock.
The large rock hits you!!
You die...

### #<# #.# #.# #.# .
#.# #. #. #.#
.##.##.# #.##
........####@^#
.............+ .
#.##.#.###○^#
..##...........#
..............###
.............C....#
.............####.#
#........###B# #
###..#####.###†###...


You could see a boulder beetle and a cyclops.

Vanquished Creatures
  A hydra (Lair:1)
  Harold (D:8)
  An ogre mage (D:11)
  5 two-headed ogres
  2 ugly things
  A wolf spider (D:10)
  A cyclops (D:10)
  A manticore (D:12)
  2 black mambas
  A black mamba (shapeshifter) (D:10)
  2 cane toads
  3 komodo dragons
  A rime drake (Lair:3)
  2 unseen horrors
  A freezing wraith (D:10)
  A hornet (D:9)
  Prince Ribbit (D:6)
  A polar bear (Lair:4)
  5 blink frogs (Lair:1)
  A slime creature (D:10)
  Sigmund (D:6)
  A vampire (D:11)
  9 yaks
  2 wraiths
  8 vampire mosquitoes
  3 wyverns
  Menkaure (D:5)
  An acid dragon (D:9)
  5 water moccasins
  3 sky beasts
  3 orc warriors
  A hornet zombie (D:9)
  4 ice beasts
  An ogre (D:10)
  8 centaurs
  A phantom (D:5)
  A kobold brigand (D:7)
  4 bullfrogs
  Blork the orc (D:6)
  A gnoll sergeant (D:5)
  2 scorpions
  2 water moccasin skeletons
  A wyvern skeleton (D:5)
  9 killer bees
  7 wights
  An electric eel (Lair:4)
  3 howler monkeys (D:9)
  2 centaur zombies
  A jelly (Temple)
  5 orc priests
  A hound (D:5)
  A scorpion zombie (D:5)
  Ijyb (D:3)
  2 iguanas (D:5)
  10 orc wizards
  2 hound skeletons (D:4)
  A howler monkey zombie (D:5)
  7 gnolls
  9 adders
  A shadow imp (D:5)
  A white imp (D:7)
  3 dart slugs
  31 orcs
  9 ball pythons
  6 bats
  7 endoplasms
  5 giant cockroaches
  12 goblins
  7 hobgoblins
  3 jackals (D:3)
  10 kobolds
  2 quokkas
  4 frilled lizards
  4 rats
265 creatures vanquished.

Vanquished Creatures (others)
  9 fungi
  39 plants
48 creatures vanquished.

Grand Total: 313 creatures vanquished

Notes
Turn   | Place    | Note
-------+----------+-------------------------------------------
     0 | D:1      | Peloso the Minotaur Fighter began the quest for the Orb.
     0 | D:1      | Reached XP level 1. HP: 19/19 MP: 0/0
   212 | D:1      | Reached XP level 2. HP: 26/27 MP: 1/1
   414 | D:1      | Found a faded altar of an unknown god.
   478 | D:1      | Reached XP level 3. HP: 30/33 MP: 2/2
   890 | D:2      | Found Gufeupt's Assorted Antiques.
  1049 | D:2      | Found Pouheuc's Jewellery Shoppe.
  1123 | D:2      | Reached skill level 4 in Shields
  1542 | D:3      | Found Curicet's Weapon Emporium.
  1631 | D:3      | Reached XP level 4. HP: 40/40 MP: 3/3
  1970 | D:3      | Reached XP level 5. HP: 46/46 MP: 4/4
  2083 | D:3      | Noticed Ijyb
  2096 | D:3      | Killed Ijyb
  2206 | D:3      | Identified a scroll of acquirement
  2357 | D:4      | Reached skill level 5 in Long Blades
  2604 | D:4      | Noticed an ice beast
  2630 | D:4      | Killed an ice beast
  2631 | D:4      | Reached skill level 5 in Shields
  2631 | D:4      | Reached XP level 6. HP: 31/53 MP: 5/5
  3676 | D:5      | Entered Level 5 of the Dungeon
  3734 | D:5      | Reached skill level 5 in Armour
  3755 | D:5      | Found a staircase to the Ecumenical Temple.
  3764 | Temple   | Entered the Ecumenical Temple
  4106 | Temple   | Became a worshipper of Warmaster Okawaru
  4591 | D:5      | Noticed Menkaure
  4610 | D:5      | Reached XP level 7. HP: 6/60 MP: 1/6
  5086 | D:5      | Killed Menkaure
  5087 | D:5      | Reached skill level 1 in Dodging
  5087 | D:5      | Reached skill level 6 in Shields
  5523 | D:5      | Reached XP level 8. HP: 53/67 MP: 7/7
  5765 | D:6      | Reached skill level 5 in Fighting
  5765 | D:6      | Reached skill level 7 in Shields
  5966 | D:6      | Noticed Prince Ribbit
  5994 | D:6      | Killed Prince Ribbit
  5994 | D:6      | Reached * piety under Okawaru
  6358 | D:6      | Noticed Blork the orc
  6364 | D:6      | Killed Blork the orc
  6938 | D:6      | Noticed Sigmund
  6955 | D:6      | Reached ** piety under Okawaru
  6965 | D:6      | Killed Sigmund
  6966 | D:6      | Reached skill level 8 in Shields
  6966 | D:6      | Reached XP level 9. HP: 71/75 MP: 4/8
  7680 | D:7      | Reached skill level 10 in Long Blades
  7747 | D:7      | Reached *** piety under Okawaru
  8453 | D:8      | Reached skill level 9 in Shields
  8453 | D:8      | Noticed a two-headed ogre
  8463 | D:8      | Killed a two-headed ogre
  8558 | D:8      | Found a snail-covered altar of Cheibriados.
  8615 | D:8      | Found Alueret's Jewellery Boutique.
  8630 | D:8      | Noticed an unseen horror
  8650 | D:8      | Killed an unseen horror
  8650 | D:8      | Reached **** piety under Okawaru
  8779 | D:8      | Found a runed translucent door.
  8780 | D:8      | Noticed Harold
  8792 | D:8      | Killed Harold
  8793 | D:8      | Reached XP level 10. HP: 48/84 MP: 2/9
  8816 | D:8      | Found the +10 tower shield of Ignorance {rN+ Int-4}
  8822 | D:8      | Found a runed translucent door.
  8822 | D:8      | Noticed an orange crystal statue
  9479 | D:9      | Reached skill level 1 in Stealth
  9479 | D:9      | Reached skill level 10 in Shields
  9567 | D:9      | Paralysed by a hornet for 3 turns
  9573 | D:9      | Reached ***** piety under Okawaru
  9734 | D:9      | Found Anoz's Magic Scroll Shoppe.
  9758 | D:9      | Received a gift from Okawaru
  9844 | D:9      | Bought a scroll of identify for 28 gold pieces
  9844 | D:9      | Bought a scroll of teleportation for 42 gold pieces
 10177 | D:9      | Reached skill level 10 in Armour
 10458 | D:9      | Reached skill level 11 in Shields
 10688 | D:10     | Entered Level 10 of the Dungeon
 10702 | D:10     | Noticed a two-headed ogre
 10706 | D:10     | Noticed a two-headed ogre
 10707 | D:10     | Noticed an ogre mage
 10712 | D:10     | Noticed a two-headed ogre
 11007 | D:11     | Killed an ogre mage
 11172 | D:10     | HP: 1/86 [two-headed ogre (7)]
 11178 | D:10     | Killed a two-headed ogre
 11178 | D:10     | Identified the +0 pair of gloves "Sengo" {Int+2} (Okawaru
                  | gifted it to you on level 10 of the Dungeon)
 11178 | D:10     | Received a gift from Okawaru
 11179 | D:10     | Reached skill level 1 in Invocations
 11179 | D:10     | Reached XP level 11. HP: 39/92 MP: 0/10
 11182 | D:10     | Killed a two-headed ogre
 11184 | D:10     | Killed a two-headed ogre
 11610 | D:10     | Identified the +7 shortbow of Purpose {venom, rC+++ Str+6
                  | Int-2}
 11667 | D:10     | Noticed a wolf spider
 11679 | D:10     | Killed a wolf spider
 11680 | D:10     | Reached skill level 12 in Shields
 12269 | D:10     | Noticed a two-headed ogre
 12279 | D:10     | Killed a two-headed ogre
 12750 | D:10     | Noticed a two-headed ogre
 12751 | D:10     | Noticed fly's ghost (journeyman FoDe)
 12752 | D:10     | Noticed a tengu warrior
 12762 | D:10     | Found a bloodstained altar of Trog.
 12763 | D:10     | Found a transporter.
 12781 | D:10     | Found a transporter.
 12919 | D:10     | Found a staircase to the Lair.
 13613 | D:11     | Noticed a green ugly thing
 13652 | D:11     | Reached skill level 13 in Shields
 13663 | D:11     | Killed a green ugly thing
 13663 | D:11     | Reached ****** piety under Okawaru
 14117 | Lair:1   | Entered Level 1 of the Lair of Beasts
 14142 | Lair:1   | You fall into a shaft and drop 1 floor!
 14192 | Lair:2   | Noticed a four-headed hydra
 14259 | Lair:2   | Received a gift from Okawaru
 14299 | Lair:2   | You fall into a shaft and drop 2 floors!
 14346 | Lair:4   | Reached XP level 12. HP: 24/102 MP: 2/11
 14645 | Lair:4   | Found a staircase to the Swamp.
 14913 | Lair:1   | Noticed a five-headed hydra
 14926 | Lair:1   | Killed a five-headed hydra
 15092 | Lair:1   | Reached skill level 14 in Shields
 15178 | Lair:1   | Reached skill level 1 in Evocations
 15368 | Lair:1   | Reached skill level 5 in Dodging
 15479 | Lair:1   | Noticed a seven-headed hydra
 15707 | D:12     | Noticed a boulder beetle
 15754 | D:12     | Hit by a large rock thrown by a cyclops

Illustrated notes

Levels and vault maps discovered:
D:1:      dpeg_arrival_arbitrary_a, layout_loops_ring,
          dreamdust_ecumenical_altar_angels_and_demons
D:2:      layout_rooms, serial_shops, nicolae_shop_overgrown_old_shop,
          nicolae_square_shop, minmay_tromino_v2
D:3:      kennysheep_goblin_castle, layout_rooms, serial_shops, shop,
          hangedman_decor_diamond_cutter
D:4:      minmay_recursive_quarters, layout_loops_ring, serial_glass,
          glass_columns_a, glass_columns_a
D:5:      layout_basic, minmay_temple_entry_glass, uniq_menkaure
D:6:      layout_gridville, uniq_prince_ribbit1, uniq_blork_the_orc,
          uniq_sigmund
D:7:      layout_basic
D:8:      layout_basic, mainiacjoe_overflow_chevrons, serial_shops, shop,
          chequers_guarded_unrand_ignorance, uniq_harold
D:9:      layout_rooms, serial_shops, shop, patterned_corridor
D:10:     layout_irregular_city, lair_entry_dummy, serial_column_ruins,
          column_ruins_open_large, column_ruins_open_tiny,
          column_ruins_open_large, column_ruins_columns_straight,
          column_ruins_open_small, gammafunk_ghost_wrathful_warriors,
          minmay_fractal_squares_gapless_7
D:11:     layout_cave_pools
D:12:     layout_basic, hiddenorc2_lemuel, abandoned_shop,
          hellmonk_guarded_unrand_gong
Temple:   mainiacjoe_temple_starburst
Lair:1:   minmay_guarded_unrand_snakebite, layout_chaotic_city,
          serial_bayou_shore_b
Lair:2:   nzn_winding_woodlands_large [nzn_winding_woodlands_5x5_perimeter,
          nzn_winding_woodlands_5x15_cabin,
          nzn_winding_woodlands_5x5_closed_star,
          nzn_winding_woodlands_center_diamonds,
          nzn_winding_woodlands_15x15_boxy_spiral,
          nzn_winding_woodlands_center_pierced_h,
          nzn_winding_woodlands_5x5_default, nzn_winding_woodlands_5x15_crooked,
          nzn_winding_woodlands_5x5_open_star], layout_misc_corridors
Lair:3:   layout_regular_city, basic_altar
Lair:4:   layout_gridlike, minmay_swamp_entry_swarm, dummy_snake_entry,
          gammafunk_ghost_hydra_chop, basic_altar

Skill      XL: |  1  2  3  4  5  6  7  8  9 10 11 12 |
---------------+-------------------------------------+-----
Armour         | 4 5 7 9 10 11 | 11.8
Long Blades    | 3 4 5 6 9 11 12 13 | 13.9
Fighting       | 4 5 6 7 8 |  8.7
Shields        | 4 5 6 8 9 11 13 14 | 14.2
Dodging        | 1 2 3 4 5 |  5.2
Stealth        | 1 |  1.2
Invocations    | 1 |  1.3
Evocations     | 1 |  1.0

Action                   |  1- 3 |  4- 6 |  7- 9 | 10-12 || total
-------------------------+-------+-------+-------+-------++-------
Melee: Long sword        |    94 |   157 |   270 |    15 ||   536
       Headbutt          |    12 |    23 |    56 |   144 ||   235
       Falchion          |       |       |       |   564 ||   564
Invok: Heroism           |       |       |     4 |    10 ||    14
Evoke: Wand              |       |       |     2 |    14 ||    16
  Use: Scroll            |       |    12 |     3 |     6 ||    21
       Potion            |       |     2 |     1 |     5 ||     8
Armor: Chain mail        |    46 |   102 |   112 |   228 ||   488
       Scale mail        |     5 |       |       |       ||     5
Dodge: Dodged            |    32 |    27 |    44 |   144 ||   247
Block: Buckler           |    24 |       |       |       ||    24
       Tower shield      |    19 |   179 |   257 |   595 ||  1050

Table legend: (Time is in decaauts)
 A = Elapsed time spent in this place.
 B = Non-inter-level travel time spent in this place.
 C = Inter-level travel time spent in this place.
 D = Time resting spent in this place.
 E = Time spent auto-exploring this place.
 F = Levels seen in this place.
 G = Mean time per level.
                   A        B        C        D        E       F      G
               +--------+--------+--------+--------+--------+-----+--------+
         Total |  15928 |  15446 |    482 |   2490 |   9358 |  17 |  936.9 |
       Dungeon |  13703 |  13265 |    438 |   1711 |   8553 |  12 | 1141.9 |
        Temple |    824 |    781 |     43 |    500 |    169 |   1 |  824.0 |
          Lair |   1399 |   1399 |      0 |    279 |    636 |   4 |  349.8 |
               +--------+--------+--------+--------+--------+-----+--------+

Top non-repeatable levels by time:
    D:10: 2128 daAuts
     D:6: 1824 daAuts
     D:9: 1516 daAuts
     D:4: 1475 daAuts
     D:7: 1361 daAuts
    D:11: 1107 daAuts
     D:8: 964 daAuts
     D:1: 903 daAuts
     D:5: 862 daAuts
     D:3: 839 daAuts
  Temple: 824 daAuts
  Lair:1: 647 daAuts
     D:2: 552 daAuts
  Lair:4: 465 daAuts
  Lair:2: 229 daAuts
